 Dungeon Crawl Stone Soup version 0.22.1-1-ga44c0e5 (webtiles) character file.

12391 Ghost6211 the Peltast (level 11, -4/103 HPs)
             Began as a Minotaur Fighter on Sept 22, 2018.
             Was an Elder of Qazlal.
             Slain by an orc knight
             ... wielding a +0 great mace
              (11 damage)
             ... on level 1 of the Orcish Mines.
             The game lasted 00:22:11 (11141 turns).

Ghost6211 the Peltast (Minotaur Fighter)           Turns: 11141, Time: 00:22:13

Health: -4/103     AC:  8    Str: 22 (23) XL:     11   Next: 61%
Magic:  0/10       EV: 10    Int:  2 (5)  God:    Qazlal [****..]
Gold:   945        SH: 19    Dex: 11 (13) Spells: 10/10 levels left

rFire    . . .     SeeInvis .   a - +0 flail
rCold    . . .     Gourm    .   c - +0 shield
rNeg     . . .     Faith    .   b - +0 scale mail
rPois    .         Spirit   +   (helmet restricted)
rElec    .         Reflect  .   (no cloak)
rCorr    .         Harm     .   r - +0 pair of gloves
MR       .....                  (no boots)
Stlth    +.........             A - amulet of guardian spirit
HPRegen  0.27/turn              t - +3 ring of slaying
MPRegen  0.12/turn              y - ring of stealth

@: drained, repel missiles
A: retaliatory headbutt, horns 2, thin skeletal structure 1, evolution 1,
MP-powered wands, sturdy frame 1
a: Upheaval, Elemental Force, Renounce Religion


You were on level 1 of the Orcish Mines.
You worshipped Qazlal.
Qazlal was greatly pleased with you.
You were not hungry.

You visited 3 branches of the dungeon, and saw 12 of its levels.

You collected 945 gold pieces.

Inventory:

Hand Weapons
 a - a +0 flail (weapon)
Missiles
 j - 219 stones (quivered)
Armour
 b - a +0 scale mail (worn)
 c - a +0 shield (worn)
 r - a +0 pair of gloves (worn)
Jewellery
 h - an uncursed ring of magical power {unknown}
 n - an uncursed amulet of faith
 t - a +3 ring of slaying (left hand)
 y - a ring of stealth (right hand)
 A - an amulet of guardian spirit (around neck)
 I - a cursed ring of teleportation
Wands
 z - a wand of iceblast (8)
 H - a wand of acid (7)
 K - a wand of flame (15)
Scrolls
 e - a scroll of noise {unknown}
 m - 2 scrolls of fear {unknown}
 o - a scroll of random uselessness {unknown}
 p - 10 scrolls of remove curse
 q - 6 scrolls of teleportation
 s - 5 scrolls of enchant armour
 u - 3 scrolls of fog {unknown}
 v - a scroll of blinking {unknown}
 x - 2 scrolls of amnesia {unknown}
 B - 2 scrolls of enchant weapon {unknown}
 J - 2 scrolls of identify
Potions
 d - a potion of might
 g - 2 potions of mutation
 i - 9 potions of curing
 k - 2 potions of heal wounds {unknown}
 l - 4 potions of haste
 w - a potion of degeneration
 C - a potion of berserk rage {unknown}
 D - 2 potions of lignification {unknown}
 E - a potion of cancellation {unknown}
 F - a potion of brilliance {unknown}
 G - a potion of agility {unknown}
Comestibles
 f - 11 rations


   Skills:
 + Level 11.6(11.4) Fighting
 + Level 11.3(11.1) Maces & Flails
 - Level 3.6(3.5) Armour
 * Level 15.3(15.1) Shields


You had 10 spell levels left.
You didn't know any spells.
Your spell library was empty.

Dungeon Overview and Level Annotations

Branches:
Dungeon (9/15)             Temple (1/1) D:5            Lair (0/6) D:9
    Orc (2/2) D:9
    Elf: Orc:2

Altars:
Cheibriados
Elyvilon
Nemelex Xobeh
Okawaru
Qazlal
Trog
Vehumet
Beogh

Shops:
D:4 [   D:7 *

Annotations:
D:7 Prince Ribbit


Innate Abilities, Weirdness & Mutations

You reflexively headbutt those who attack you in melee.
You have a pair of horns on your head.
You have a somewhat thin skeletal structure. (Dex +2, Stealth)
You evolve.
You expend magic power (3 MP) to strengthen your wands.
Your movements are slightly less encumbered by armour. (ER -2)


Message History

You kill the orc!
Qazlal accepts your kill.
There is a stone staircase leading up here.
You can't go down here!
The orc knight hits you with a great mace!
* * * LOW HITPOINT WARNING * * *
The ogre is struck by lightning.
You climb upwards.
There is a stone staircase leading down here.
It was a potion of degeneration.
There was something very wrong with that liquid.
You feel weakened.
You feel dopey.
You feel clumsy. You block the orc knight's attack.
It was a potion of mutation.
You feel extremely strange.
You feel your magical essence link to your wands.
You feel nature experimenting on you.
Don't worry, failures die fast.
Your bones become slightly less dense.
You feel less encumbered by your armour.
The orc knight hits you with a great mace!
You die...

####(...^..# ##......###
#...(......#####......#.##
.....................§§.§##
)......#............§§§.§.##
)).....##.......####..8.§..##
))[.#.###.......## ##§.§....#
.....####......§.####..§§..##
....[###...#.......#....§§##
#...).....#.#..§@.......§##
##..[(.......#.o.§.......##
##.....#.#.###§§§....#...#
###....###### ##.....###.##
#.#.[...##### ##....# ###
............## #...##
....._.......# ##.##
#............### ###
...............##


You could see an orc knight.

Vanquished Creatures
  An orc warlord (D:9)
  Harold (Orc:1)
  Erica (D:8)
  An orc sorcerer (Orc:2)
  A cyclops (Orc:1)
  A troll (Orc:1)
  A hippogriff (D:8)
  A meliai zombie (D:8)
  Sigmund (D:3)
  A basilisk (D:9)
  17 yaks (D:9)
  Menkaure (D:5)
  2 wargs
  4 porcupines (D:9)
  An ice beast (D:5)
  7 orc warriors
  13 ogres
  2 necrophages
  A phantom (D:8)
  A hornet zombie (D:7)
  A big kobold (D:9)
  2 crocodiles (D:9)
  3 bullfrogs
  2 scorpions
  16 killer bees
  A howler monkey (D:4)
  A jelly (D:9)
  A crimson imp (D:5)
  4 hounds
  A centaur zombie (D:5)
  A quasit (D:9)
  A bullfrog skeleton (D:5)
  7 orc priests
  21 orc wizards
  3 iguanas (D:8)
  5 worker ants
  A hound zombie (D:6)
  A hound skeleton (D:6)
  Robin (D:3)
  3 gnolls (D:8)
  17 adders
  2 shadow imps
  4 oozes
  4 adder skeletons
  A worm (D:4)
  8 leopard geckos
  55 orcs
  6 giant cockroaches
  15 goblins
  15 hobgoblins
  14 jackals
  9 kobolds
  3 quokkas
  10 bats
  8 frilled lizards
  A jackal skeleton (D:6)
  6 rats
313 creatures vanquished.

Vanquished Creatures (collateral kills)
  2 orcs (Orc:1)
2 creatures vanquished.

Vanquished Creatures (others)
  2 bushes (D:9)
  15 plants (D:9)
17 creatures vanquished.

Grand Total: 332 creatures vanquished

Notes
Turn   | Place    | Note
-------+----------+-------------------------------------------
     0 | D:1      | Ghost6211 the Minotaur Fighter began the quest for the Orb.
     0 | D:1      | Reached XP level 1. HP: 19/19 MP: 0/0
    39 | D:1      | Reached skill level 4 in Shields
    39 | D:1      | Reached XP level 2. HP: 27/27 MP: 1/1
   347 | D:1      | Reached XP level 3. HP: 23/33 MP: 2/2
   929 | D:2      | Reached skill level 5 in Shields
   929 | D:2      | Reached XP level 4. HP: 40/40 MP: 3/3
  1519 | D:3      | Found a sparkling altar of Nemelex Xobeh.
  1538 | D:3      | Reached XP level 5. HP: 45/47 MP: 4/4
  1643 | D:3      | Reached skill level 5 in Fighting
  1643 | D:3      | Reached skill level 6 in Shields
  2098 | D:3      | Noticed Sigmund
  2113 | D:3      | Killed Sigmund
  2113 | D:3      | Reached XP level 6. HP: 34/56 MP: 5/5
  2335 | D:3      | Noticed Robin
  2360 | D:3      | Reached skill level 7 in Shields
  2380 | D:3      | Killed Robin
  2400 | D:3      | Found a stormy altar of Qazlal.
  2408 | D:3      | Became a worshipper of Qazlal Stormbringer
  2770 | D:4      | Reached skill level 5 in Maces & Flails
  2770 | D:4      | Reached XP level 7. HP: 60/62 MP: 6/6
  2806 | D:4      | Found Wyimiwn's Armour Emporium.
  3257 | D:4      | Reached skill level 8 in Shields
  3511 | D:5      | Entered Level 5 of the Dungeon
  3554 | D:5      | Reached XP level 8. HP: 23/71 MP: 7/7
  3561 | D:5      | Reached * piety under Qazlal
  4323 | D:5      | Reached skill level 9 in Shields
  4369 | D:5      | Found a staircase to the Ecumenical Temple.
  4389 | D:5      | Noticed Menkaure
  4414 | Temple   | Entered the Ecumenical Temple
  4639 | D:5      | Killed Menkaure
  5534 | D:6      | Reached skill level 10 in Shields
  5547 | D:6      | Found a white marble altar of Elyvilon.
  5925 | D:6      | Reached XP level 9. HP: 29/81 MP: 5/8
  5949 | D:6      | HP: 4/81 [poisoned by a killer bee]
  5954 | D:6      | HP: 3/81 [poisoned by a killer bee]
  5961 | D:6      | HP: 3/81 [poisoned by a killer bee]
  5969 | D:6      | HP: 3/81 [poisoned by a killer bee]
  6497 | D:7      | Noticed Prince Ribbit
  6728 | D:7      | Found Zaboergha's Assorted Antiques.
  6806 | D:8      | Reached skill level 11 in Shields
  6979 | D:8      | Reached ** piety under Qazlal
  7004 | D:8      | Found a bloodstained altar of Trog.
  7358 | D:8      | Noticed Erica
  7376 | D:8      | Killed Erica
  7376 | D:8      | Reached skill level 12 in Shields
  8205 | D:9      | Reached XP level 10. HP: 91/91 MP: 9/9
  8557 | D:9      | Reached skill level 13 in Shields
  8565 | D:9      | Reached skill level 10 in Fighting
  8658 | D:9      | Reached *** piety under Qazlal
  8658 | D:9      | Reached skill level 10 in Maces & Flails
  8751 | D:9      | Reached skill level 14 in Shields
  8804 | D:9      | Reached XP level 11. HP: 30/101 MP: 6/10
  9239 | D:9      | Found a staircase to the Orcish Mines.
  9278 | D:9      | Found a staircase to the Lair.
  9473 | Orc:1    | Entered Level 1 of the Orcish Mines
  9474 | Orc:1    | Noticed Harold
  9489 | Orc:1    | Killed Harold
  9626 | Orc:1    | Found a roughly hewn altar of Beogh.
  9778 | Orc:1    | Noticed an orc warlord
 10054 | D:9      | Killed an orc warlord
 10054 | D:9      | Reached skill level 15 in Shields
 10407 | D:9      | Reached **** piety under Qazlal
 11111 | Orc:2    | Entered Level 2 of the Orcish Mines
 11118 | Orc:2    | Noticed an orc knight
 11118 | Orc:2    | Noticed an orc sorcerer
 11130 | Orc:2    | Killed an orc sorcerer
 11141 | Orc:1    | Gained mutation: You expend magic power (3 MP) to
                  | strengthen your wands. [potion of mutation]
 11141 | Orc:1    | Gained mutation: You evolve. [potion of mutation]
 11141 | Orc:1    | Gained mutation: You have a somewhat thin skeletal
                  | structure. (Dex +2, Stealth) [potion of mutation]
 11141 | Orc:1    | Gained mutation: Your movements are slightly less
                  | encumbered by armour. (ER -2) [potion of mutation]
 11141 | Orc:1    | Slain by an orc knight

Skill      XL: |  1  2  3  4  5  6  7  8  9 10 11 |
---------------+----------------------------------+-----
Shields        | 4 5 6 7 8 10 12 14 15 | 15.3
Fighting       | 4 5 6 7 9 10 11 | 11.6
Maces & Flails | 3 4 5 6 7 9 10 11 | 11.3
Armour         | |  3.6

Action                   |  1- 3 |  4- 6 |  7- 9 | 10-12 || total
-------------------------+-------+-------+-------+-------++-------
Melee: Flail             |    88 |   200 |   333 |   297 ||   918
       Headbutt          |    13 |    26 |    63 |    72 ||   174
Invok: Upheaval          |       |       |       |     2 ||     2
       Elemental Force   |       |       |       |     1 ||     1
  Use: Scroll            |       |       |    10 |       ||    10
       Potion            |       |       |     1 |     6 ||     7
  Eat: Chunk             |       |     6 |     1 |       ||     7
       Ration            |       |       |     6 |     2 ||     8
Armor: Scale mail        |    27 |    88 |    92 |    59 ||   266
Dodge: Dodged            |    26 |    71 |    77 |    76 ||   250
Block: Shield            |    49 |   115 |   232 |   279 ||   675
